 Dungeon Crawl Stone Soup version 0.28.0 (webtiles) character file.

Game seed: 5823975033750615347

133 HallandMoats the Ducker (level 5, -4/37 HPs)
             Began as an Octopode Monk on Feb 7, 2022.
             Killed from afar by Natasha (6 damage)
             ... with a magic dart
             ... on level 2 of the Dungeon.
             The game lasted 00:01:58 (2142 turns).

HallandMoats the Ducker (Octopode Monk)             Turns: 2142, Time: 00:01:59

Health: -4/37      AC:  0    Str: 13    XL:     5   Next: 16%
Magic:  6/6        EV: 15    Int: 12    God:
Gold:   98         SH:  0    Dex: 14    Spells: 4/4 levels left

rFire   . . .      SeeInvis .     - Unarmed
rCold   . . .      Faith    .   (shield currently unavailable)
rNeg    . . .      Spirit   .   (helmet currently unavailable)
rPois   .          Reflect  .   (no amulet)
rElec   .          Harm     .   (ring currently unavailable)
rCorr   .          Rampage  .   (ring currently unavailable)
Will    .....                   (ring currently unavailable)
Stlth   ++........              (ring currently unavailable)
HPRegen 0.12/turn               (ring currently unavailable)
MPRegen 0.10/turn               (ring currently unavailable)
                                (ring currently unavailable)
                                (ring currently unavailable)

@: pig-form, very quick
A: fast, no casting, almost no armour, (amphibious), (8 rings), small,
(camouflage 1), (gelatinous body 1), (nimble swimmer 1), (tentacles)
a: no special abilities


You were on level 2 of the Dungeon.
You were a filthy swine.
You visited 1 branch of the dungeon, and saw 4 of its levels.

You collected 98 gold pieces.

Inventory:

Scrolls
 a - a scroll of amnesia {unknown}
 b - a scroll of torment {unknown}
 f - a scroll of brand weapon {unknown}
 g - a scroll of immolation {unknown}
Potions
 c - a potion of cancellation {unknown}
 d - 3 potions of curing {unknown}
 e - 2 potions of berserk rage {unknown}
 h - a potion of mutation {unknown}


   Skills:
 * Level 3.7 Fighting
 * Level 3.9 Dodging
 + Level 3.5 Stealth
 * Level 3.8 Unarmed Combat
 + Level 1.5 Invocations


You had 4 spell levels left.
You didn't know any spells.
Your spell library contained the following spells:

 Spells                   Type           Power      Damage    Failure   Level
 Summon Guardian Golem    Hex/Summ       0%         N/A       69%         3
 Orb of Destruction       Conj           0%         9d5       100%        7
 Spellforged Servitor     Conj/Summ      0%         N/A       100%        7


Dungeon Overview and Level Annotations

Branches:
Dungeon (4/15)
 Temple: D:4-7

Altars:

Annotations:
D:2 Natasha


Innate Abilities, Weirdness & Mutations

You are a filthy swine.
You move quickly.
Your equipment is almost entirely melded.
You are incapable of wielding weapons or throwing items.
You cannot cast spells.
You cannot wear most types of armour.
((You are amphibious.))
((You can wear up to eight rings at the same time.))
((Your skin changes colour to match your surroundings (Stealth+).))
((Your rubbery body absorbs attacks. (AC +1, EV +1)))
((You are camouflaged when in or above water. (Stealth+)))
((You have tentacles for arms and can constrict up to eight enemies at once.))


Message History

You are frozen.
You tentacle-slap the worm.
The worm is moderately wounded.
You constrict the worm. The endoplasm freezes you.
You are frozen.
The worm bites you.
You release your grip on the worm.
Natasha barely misses you.
Natasha stares at you and mumbles some strange words.
The magic dart hits you.
You see here a ring of resist corrosion.
You tentacle-slap the endoplasm.
You kill the endoplasm!
Natasha zaps a wand.
You turn into a filthy swine.
You swing at nothing.
The crimson imp blinks!
You hit Natasha.
Natasha is moderately wounded.
Natasha extends her claws.
Natasha misses you.
You hit Natasha but do no damage.
Natasha is moderately wounded.
Natasha barely misses you.
You closely miss Natasha.
Natasha is moderately wounded.
Natasha claws you!
You barely miss Natasha.
Natasha is moderately wounded.
Natasha claws you.
You hit Natasha.
Natasha is heavily wounded.
The crimson imp blinks!
Natasha stares at you and mumbles some strange words.
The magic dart hits you!
* * * LOW HITPOINT WARNING * * *
You closely miss Natasha.
Natasha is heavily wounded.
You hit Natasha.
Natasha is heavily wounded.
Natasha casts a spell at you. The magic dart hits you.
You die...

#..................
...
######'#...........
... #.#...........
... #.####'#######
### #.###...##
#.##...†.##
#.#.......#
#.#).(....#
#h#.......#
#h##.....##
#w.##...##
#######..#####
#......5.......
#........######
#....$...#
#........#
#........#


You could see a worm, Natasha and a crimson imp (summoned).

Vanquished Creatures
  Terence (D:3)
  Robin (D:2)
  3 adders (D:2)
  5 dart slugs
  3 ball pythons (D:2)
  4 bats
  4 endoplasms
  A giant cockroach (D:1)
  8 goblins
  9 hobgoblins
  3 jackals
  4 kobolds
  A quokka (D:1)
  4 frilled lizards
  9 rats
60 creatures vanquished.

Notes
Turn   | Place    | Note
-------+----------+-------------------------------------------
     0 | D:1      | HallandMoats the Octopode Monk began the quest for the Orb.
     0 | D:1      | Reached XP level 1. HP: 16/16 MP: 1/1
    92 | D:1      | Reached XP level 2. HP: 8/21 MP: 2/2
   477 | D:1      | Reached XP level 3. HP: 20/26 MP: 3/3
  1344 | D:2      | Reached skill level 1 in Invocations
  1346 | D:2      | Reached XP level 4. HP: 18/31 MP: 4/4
  1848 | D:2      | You fall into a shaft and drop 2 floors!
  1851 | D:3      | Noticed Terence
  1858 | D:3      | Killed Terence
  1905 | D:2      | Noticed Robin
  1954 | D:2      | Reached XP level 5. HP: 32/37 MP: 6/6
  1982 | D:2      | Killed Robin
  2078 | D:2      | Identified the +1 ring mail "Hehoenam" {rElec rN+}
  2123 | D:2      | Noticed Natasha
  2142 | D:2      | Killed from afar by Natasha

Illustrated notes

Levels and vault maps discovered:
D:1:      lightli_arrival_statuegarden, layout_basic
D:2:      kennysheep_six_static_rooms, layout_basic, uniq_natasha, uniq_sigmund,
          uniq_robin
D:3:      layout_rooms, uniq_terence
D:4:      layout_loops_ring, temple_green, ebering_ghost_rock_garden,
          bh_walls_and_bars

Skill      XL: |  1  2  3 |
---------------+----------+-----
Stealth        | 3 |  3.5
Invocations    | 1 |  1.5
Fighting       | |  3.7
Dodging        | |  3.9
Unarmed Combat | |  3.8

Action                   |  1- 3 |  4- 6 || total
-------------------------+-------+-------++-------
Melee: Unarmed           |    57 |    66 ||   123
       Constrict         |    19 |    21 ||    40
       Tentacles         |    12 |    16 ||    28
       Punch             |       |     4 ||     4
 Stab: Sleeping          |     7 |     7 ||    14
Armor: Skin              |     7 |     3 ||    10
Dodge: Dodged            |    39 |    28 ||    67
